Map: Magannatha LE

Players

ManlyManMeat - Winner!

  • Race: Zerg Zerg
  • League: Diamond
  • Spawn Location: 11:00

Lucky

  • Race: Terran Terran
  • League: Diamond
  • Spawn Location: 5:00

VOD

Have the link to the VOD?

Description

Time

  • Played on: July 13, 2025, 1:54 p.m.
  • Length: 23:39
Show
View Real Time Build Order
Export as new Build Order

ManlyManMeat Zerg - Winner!

Build Orders: Hatch First 

Get SALT Encoding   

  12  0:00  Drone  
  13  0:08  Drone  
  14  0:15  Extractor  
  14  0:16  Drone  
  15  0:22  Overlord  
  15  0:40  Drone  
  16  0:45  Hatchery  
  16  0:49  Drone  
  16  0:52  Drone  
  17  0:58  Drone  
  18  1:07  Extractor  
  17  1:15  Spawning Pool  
  17  1:16  Drone  
  17  1:18  Drone  
  18  1:26  Drone  
  19  1:54  Drone  
  19  1:55  Drone  
  19  2:01  Queen x2  
  21  2:03  Zergling x2  
  21  2:05  Zergling x2  
  27  2:13  Overlord  
  27  2:23  Drone  
  27  2:28  Overlord  
  28  2:43  Hatchery  
  27  2:45  Drone x3  
  27  2:51  Metabolic Boost  
  30  3:02  Drone x3  
  30  3:05  Overlord  
  33  3:13  Drone  
  33  3:14  Drone  
  35  3:27  Roach Warren  
  33  3:34  Drone x3  
  33  3:35  Queen  
  33  3:41  Extractor  
  37  3:43  Drone x2  
  37  3:44  Drone  
  40  3:50  Overlord x2  
  40  3:57  Drone  
  41  4:06  Roach  
  41  4:07  Roach x3  
  49  4:16  Queen  
  51  4:23  Roach x3  
  57  4:27  Spore Crawler  
  57  4:29  Spore Crawler  
  57  4:30  Drone x2  
  57  4:38  Lair  
  56  4:43  Roach x2  
  60  4:51  Roach x3  
  65  5:27  Queen  
  65  5:39  Queen, Spore Crawler  
  65  5:40  Spore Crawler  
  65  5:48  Drone  
  65  5:49  Overlord x2  
  66  5:50  Overlord  
  66  6:09  Drone x4  
  66  6:10  Drone  
  72  6:11  Drone x4  
  72  6:12  Drone  
  74  6:22  Drone x4  
  78  6:28  Overseer  
  78  6:32  Glial Reconstitution  
  78  6:34  Evolution Chamber  
  78  6:35  Drone  
  78  6:42  Spire  
  72  7:09  Drone x2  
  74  7:17  Drone x3, Spawning Pool  
  76  7:30  Roach x2  
  76  7:31  Roach x3  
  86  7:39  Zerg Missile Weapons Level 1  
  86  7:46  Drone x2  
  86  7:48  Drone, Extractor  
  86  7:49  Drone x2  
  86  7:50  Drone, Extractor  
  90  7:51  Overlord x2  
  90  7:52  Overlord x2  
  90  7:57  Zerg Flyer Armor Level 1  
  90  8:03  Hatchery  
  89  8:14  Hatchery, Queen x2  
  89  8:15  Queen  
  94  8:26  Corruptor  
  94  8:27  Corruptor x5  
  106  8:41  Infestation Pit  
  105  8:47  Extractor  
  90  8:49  Extractor  
  65  9:07  Corruptor x2  
  69  9:20  Drone x5  
  69  9:21  Drone  
  69  9:22  Drone x2  
  69  9:23  Drone  
  78  9:25  Drone x3  
  78  9:26  Drone x3  
  78  9:28  Drone x6  
  78  9:29  Drone  
  91  9:34  Corruptor  
  91  9:35  Corruptor  
  95  9:42  Hive  
  95  9:46  Spore Crawler  
  95  9:47  Spore Crawler  
  95  9:49  Overseer  
  93  10:07  Corruptor x3  
  99  10:22  Zerg Ground Armor Level 1  
  99  10:23  Zerg Flyer Weapons Level 1  
  99  10:29  Drone, Extractor  
  99  10:30  Drone x5, Extractor  
  99  10:31  Drone x3  
  99  10:32  Drone x3, Corruptor  
  99  10:35  Queen x3  
  117  10:50  Corruptor  
  117  10:52  Overlord x4  
  117  10:53  Overlord x4  
  118  11:14  Drone  
  118  11:15  Drone  
  118  11:18  Corruptor x3  
  124  11:27  Ultralisk Cavern  
  124  11:31  Evolution Chamber  
  120  11:40  Corruptor x4  
  120  11:46  Hatchery  
  127  11:51  Zergling x34  
  144  12:06  Corruptor x5  
  154  12:11  Overseer  
  154  12:15  Pneumatized Carapace  
  154  12:16  Zerg Melee Weapons Level 1  
  154  12:17  Zerg Flyer Armor Level 2  
  154  12:32  Baneling Nest  
  154  12:34  Chitinous Plating  
  153  12:40  Drone x4  
  153  12:41  Drone  
  153  12:42  Drone  
  159  12:58  Corruptor x5  
  159  12:59  Corruptor  
  169  13:12  Drone x5  
  172  13:13  Drone x3, Overlord x3  
  172  13:15  Corruptor x2  
  169  13:43  Extractor  
  168  14:02  Extractor  
  167  14:07  Corruptor x2  
  167  14:08  Corruptor x2  
  175  14:11  Zerg Melee Weapons Level 2  
  175  14:12  Anabolic Synthesis  
  171  14:32  Zerg Flyer Weapons Level 2  
  171  14:33  Ultralisk x3  
  171  14:37  Ultralisk  
  195  15:02  Zergling x8  
  132  16:07  Corruptor x17  
  132  16:08  Ultralisk  
  132  16:09  Ultralisk  
  168  16:15  Zergling x4  
  168  16:16  Zergling x48  
  182  16:28  Corruptor x4  
  190  16:45  Overlord x4  
  190  16:46  Overlord  
  171  17:09  Ultralisk  
  171  17:10  Ultralisk x4  
  188  17:19  Ultralisk  
  188  17:20  Zergling x12  
  200  17:45  Hatchery  
  199  17:56  Hatchery  
  198  18:13  Zerg Flyer Weapons Level 3  
  198  18:15  Zerg Melee Weapons Level 3  
  198  18:19  Hatchery  
  146  18:44  Ultralisk x2  
  146  18:45  Ultralisk x4  
  152  18:56  Zergling x18  
  152  18:57  Zergling x14  
  152  18:58  Ultralisk  
  174  19:20  Extractor  
  174  19:23  Extractor  
  172  19:25  Extractor  
  171  19:36  Corruptor  
  171  19:37  Corruptor x8  
  142  20:31  Corruptor x7  
  142  20:32  Corruptor x4  
  144  20:50  Zerg Flyer Armor Level 3  
  144  20:59  Zergling x20, Ultralisk x2  
  144  21:00  Zergling x64  
  144  21:01  Zergling x4  
  168  22:43  Ultralisk x6  
  196  23:06  Zergling x6  
  197  23:26  Extractor  
Show
View Real Time Build Order
Export as new Build Order

Lucky Terran 

Build Orders: 1/1/1 

Get SALT Encoding   

  12  0:04  SCV  
  13  0:16  SCV  
  13  0:20  Supply Depot  
  14  0:28  SCV  
  14  0:30  Refinery  
  15  0:44  Barracks  
  15  0:47  SCV  
  16  0:59  Refinery  
  16  1:00  SCV  
  17  1:12  SCV  
  18  1:24  SCV  
  19  1:32  Factory  
  19  1:34  Marine  
  20  1:41  Bunker  
  20  1:52  Marine  
  21  2:04  Orbital Command  
  21  2:16  Starport  
  21  2:21  Factory Tech Lab  
  21  2:36  SCV  
  22  2:46  Marine  
  23  2:56  Fusion Core  
  23  3:06  Supply Depot  
  23  3:13  Starport Tech Lab  
  23  3:21  Supply Depot  
  23  3:28  Siege Tank, SCV  
  27  3:43  Battlecruiser  
  33  3:49  SCV  
  34  4:04  Command Center  
  34  4:09  SCV  
  35  4:17  Supply Depot  
  35  4:21  SCV, Widow Mine  
  35  4:24  Marine  
  39  4:38  SCV  
  40  4:50  Battlecruiser  
  46  4:56  SCV  
  47  5:15  SCV  
  48  5:27  SCV  
  49  5:42  Command Center  
  49  5:44  Engineering Bay  
  49  5:45  SCV  
  50  5:58  SCV  
  51  6:10  SCV  
  50  6:15  Battlecruiser  
  56  6:22  SCV  
  57  6:34  SCV  
  57  6:37  Refinery  
  57  6:39  Refinery  
  58  6:40  Planetary Fortress  
  58  6:45  Siege Tank  
  58  6:46  SCV  
  62  6:58  SCV  
  63  7:10  SCV  
  63  7:12  Missile Turret  
  63  7:15  Missile Turret  
  64  7:17  SCV  
  64  7:22  SCV  
  66  7:29  SCV  
  67  7:30  Planetary Fortress  
  67  7:34  SCV  
  68  7:46  SCV  
  68  7:47  Battlecruiser  
  68  7:48  Bunker  
  68  7:50  SCV  
  76  8:02  SCV  
  76  8:05  Missile Turret  
  77  8:07  Refinery  
  77  8:19  Missile Turret  
  77  8:20  Refinery  
  77  8:26  SCV  
  78  8:27  Supply Depot  
  78  8:28  SCV  
  79  8:37  Starport  
  79  8:39  Starport  
  79  8:40  SCV  
  79  8:44  Missile Turret  
  79  8:45  Armory  
  76  9:14  Missile Turret  
  76  9:15  Missile Turret  
  76  9:17  Battlecruiser  
  76  9:22  Hi-Sec Auto Tracking  
  76  9:23  Missile Turret  
  82  9:25  Starport Tech Lab  
  82  9:28  Starport Tech Lab  
  82  9:43  SCV  
  83  9:46  SCV  
  84  9:55  SCV  
  84  9:56  Missile Turret  
  84  9:58  SCV  
  86  10:00  Missile Turret, SCV  
  87  10:07  SCV  
  88  10:19  SCV  
  88  10:20  Terran Ship Weapons Level 1  
  89  10:22  Battlecruiser  
  89  10:24  Supply Depot  
  95  10:28  SCV  
  95  10:30  SCV  
  97  10:37  Missile Turret, SCV  
  97  10:40  SCV  
  97  10:42  SCV  
  100  10:48  Missile Turret  
  100  10:49  SCV  
  101  10:53  SCV  
  102  11:18  Battlecruiser  
  108  11:25  Armory  
  108  11:28  Supply Depot  
  108  11:29  Supply Depot  
  108  11:32  Supply Depot  
  108  11:43  SCV  
  109  11:47  Battlecruiser  
  109  11:50  Battlecruiser  
  109  11:53  Starport  
  121  11:56  Missile Turret  
  121  12:01  SCV  
  122  12:05  Missile Turret  
  122  12:18  Missile Turret  
  122  12:21  Missile Turret  
  122  12:24  Missile Turret  
  122  12:29  Battlecruiser  
  128  12:30  Siege Tank  
  128  12:34  Starport Tech Lab  
  131  12:40  Terran Vehicle And Ship Armor Level 1  
  131  12:41  Terran Ship Weapons Level 2  
  131  12:44  Starport  
  131  12:47  Weapon Refit  
  131  12:48  Neosteel Armor  
  131  13:20  Missile Turret  
  131  13:22  Battlecruiser  
  131  13:23  Starport Tech Lab, Missile Turret  
  131  13:24  Missile Turret  
  137  13:33  Battlecruiser x2  
  149  13:34  SCV  
  150  13:59  Battlecruiser  
  156  14:04  Command Center  
  155  14:27  Battlecruiser  
  155  14:32  Missile Turret  
  155  14:35  Missile Turret  
  155  14:37  Missile Turret  
  155  14:38  Missile Turret  
  155  14:39  Battlecruiser  
  155  14:41  Supply Depot  
  155  14:42  Supply Depot  
  155  14:44  Missile Turret  
  161  14:52  SCV  
  162  14:55  SCV  
  163  15:03  Refinery  
  163  15:04  SCV  
  163  15:06  Missile Turret  
  164  15:07  SCV  
  164  15:11  Missile Turret x2  
  164  15:12  Missile Turret  
  165  15:15  Missile Turret  
  165  15:16  Missile Turret, Refinery  
  165  15:18  Terran Ship Weapons Level 3  
  165  15:24  Terran Vehicle And Ship Armor Level 2  
  75  16:28  Planetary Fortress  
  75  16:31  Battlecruiser x2  
  75  16:32  Battlecruiser x3  
  105  16:35  SCV  
  106  16:46  Missile Turret  
  106  16:47  SCV x2  
  106  16:48  Missile Turret  
  106  16:49  Missile Turret x2  
  107  16:59  SCV  
  108  17:05  SCV  
  106  17:17  SCV  
  106  17:20  SCV  
  108  17:23  Missile Turret x2  
  108  17:35  Battlecruiser  
  108  17:36  SCV, Battlecruiser  
  121  17:41  Battlecruiser  
  127  17:50  SCV  
  128  17:53  SCV  
  129  18:02  SCV  
  130  18:05  SCV  
  130  18:07  Battlecruiser  
  137  18:14  SCV  
  137  18:18  SCV  
  139  18:26  SCV  
  140  18:30  SCV  
  140  18:33  Command Center  
  79  19:01  SCV  
  80  19:05  Battlecruiser x2  
  80  19:08  SCV  
  93  19:14  SCV  
  94  19:20  SCV  
  94  19:21  Missile Turret  
  95  19:26  Missile Turret  
  95  19:31  Missile Turret  
  95  19:36  Missile Turret  
  95  19:39  SCV  
  95  19:40  SCV  
  97  19:51  SCV  
  98  19:53  Missile Turret  
  98  19:55  Supply Depot  
  98  20:01  Battlecruiser  
  104  20:12  Missile Turret, Planetary Fortress  
  84  21:04  SCV  
  84  21:07  Refinery  
  84  21:09  Refinery, Missile Turret  
  84  21:10  Missile Turret  
  84  21:11  Battlecruiser x2  
  84  21:12  Battlecruiser  
  84  21:16  SCV  
  103  21:30  Missile Turret  
  103  21:33  Command Center  
  96  21:54  Battlecruiser  
  96  22:00  SCV  
  41  23:04  Missile Turret  
  39  23:11  SCV  
  40  23:23  SCV  
  40  23:25  Command Center  
Tags
 
Add a new tag
Caveats
  • Supply blocks, unpowered buildings, or Contaminate may cause inaccurate times.
  • Supply counts are checked every 10 seconds.